 Dungeon Crawl Stone Soup version bcrawl-1.27.5 (webtiles) character file.

Game seed: 14042601841282320257

213059 KristoblXynda the Slasher (level 7, -4/60 HPs)
             Began as a Pale Draconian Gladiator on Aug 21, 2020.
             Slain by Duvessa
             ... wielding a +2 short sword of electrocution
              (6 damage)
             ... on level 4 of the Dungeon.
             The game lasted 00:04:15 (3353 turns).

KristoblXynda the Slasher (DrGl)                    Turns: 3353, Time: 00:04:16

Health: -4/60      AC:  6    Str: 16    XL:     7   Next: 4%
Magic:  7/7        EV: 14    Int: 11    God:
Gold:   214        SH:  1    Dex: 12    Spells: 6/6 levels left

rFire    . . .     SeeInvis .   a - +0 long sword
rCold    . . .     Gourm    .   (no shield)
rNeg     . . .     Faith    .   (armour unavailable)
rPois    .         Spirit   .   b - +0 hat
rElec    .         Reflect  .   (no cloak)
rCorr    .         Harm     .   (no gloves)
MR       .....                  (no boots)
Stlth    +.........             (no amulet)
HPRegen  0.20/turn              (no ring)
MPRegen  0.10/turn              (no ring)

@: short of breath
A: breathe steam, unfitting armour, cold-blooded, AC +6
a: Breathe Steam


You were on level 4 of the Dungeon.
You were not hungry.

You visited 1 branch of the dungeon, and saw 4 of its levels.

You collected 214 gold pieces.

Inventory:

Hand Weapons
 a - a +0 long sword (weapon)
Missiles
 c - 3 throwing nets {=f}
Armour
 b - a +0 hat (worn)
Wands
 s - a wand of acid (10)
Scrolls
 d - a scroll of immolation {unknown}
 f - 2 scrolls of teleportation
 i - 4 scrolls of amnesia {unknown}
 j - a scroll of blinking {unknown}
 l - a scroll of magic mapping {unknown}
 m - 2 scrolls of enchant weapon {unknown}
 o - 3 scrolls of identify
 r - a scroll of remove curse {unknown}
Potions
 g - 2 potions of cancellation
 h - a potion of brilliance {unknown}
 k - 2 potions of resistance {unknown}
 n - a potion of agility {unknown}
 p - a potion of might {unknown}
 q - a potion of invisibility {unknown}
Comestibles
 e - 9 rations {!d}
 t - 4 chunks of flesh


   Skills:
 + Level 4.7 Fighting
 * Level 5.8 Long Blades
 - Level 2.0 Throwing
 + Level 4.4 Dodging


You had 6 spell levels left.
You didn't know any spells.
Your spell library was empty.

Dungeon Overview and Level Annotations

Branches:
Dungeon (4/12)
 Temple: D:4-7

Altars:
Cheibriados
Elyvilon
Lugonu
Qazlal
Vehumet
Wu Jian

Annotations:
D:4 Dowan, Duvessa


Innate Abilities, Weirdness & Mutations

You can breathe blasts of scalding, opaque steam.
Your pale cyan-grey scales are hard. (AC +6)
You cannot fit into any form of body armour.
You are cold-blooded and may be slowed by cold attacks.


Message History

Duvessa hits you with a +2 short sword of electrocution.
You hit Duvessa.
Duvessa is lightly wounded.
A worker ant zombie comes into view.
Dowan is engulfed in a cloud of scalding steam.
Duvessa hits you with a +2 short sword of electrocution!
You are electrocuted!
You hit Duvessa.
Duvessa is moderately wounded.
Dowan gestures at Duvessa while chanting.
Duvessa seems to speed up.
Duvessa hits you with a +2 short sword of electrocution!
* * * LOW HITPOINT WARNING * * *
You are electrocuted!
* * * LOW HITPOINT WARNING * * *
You barely miss Duvessa.
Duvessa is moderately wounded.
Duvessa says, "My weaknesses are his strengths!"
Duvessa hits you with a +2 short sword of electrocution.
You die...

#.#####.###.#..#.
#.#.........#...#
#.#.###.....>..## #.#
#######..)# #.# #..#.
#.# #..#[ #.#
#####..#.
#####.#.##...........
#Zee@................
#.########.#####..###
#..##. #..#.# #... #
#


You could see Duvessa, Dowan and a worker ant zombie.

Vanquished Creatures
  2 ogres (D:4)
  3 crimson imps
  2 orc priests
  An orc wizard (D:3)
  Terence (D:3)
  2 adders
  A howler monkey skeleton (D:4)
  An ooze (D:2)
  An adder zombie (D:4)
  3 worms
  4 dart slugs
  6 leopard geckos
  14 orcs
  2 ball pythons (D:3)
  3 giant cockroaches
  7 goblins
  9 hobgoblins
  4 jackals (D:2)
  7 kobolds
  5 bats
  8 rats
86 creatures vanquished.

Notes
Turn   | Place    | Note
-------+----------+-------------------------------------------
     0 | D:1      | KristoblXynda the Draconian Gladiator began the quest for
                  | the Orb.
     0 | D:1      | Reached XP level 1. HP: 17/17 MP: 1/1
    99 | D:1      | Reached XP level 2. HP: 21/25 MP: 2/2
   444 | D:1      | Reached XP level 3. HP: 27/30 MP: 3/3
  1593 | D:2      | Reached XP level 4. HP: 38/38 MP: 4/4
  1895 | D:3      | Reached skill level 4 in Long Blades
  1943 | D:3      | Found a corrupted altar of Lugonu.
  2127 | D:3      | Noticed Terence
  2136 | D:3      | Killed Terence
  2136 | D:3      | Reached XP level 5. HP: 34/46 MP: 5/5
  2513 | D:3      | Found a radiant altar of Vehumet.
  2776 | D:4      | Found a snail-covered altar of Cheibriados.
  2867 | D:4      | Noticed an ogre
  2875 | D:4      | Killed an ogre
  2875 | D:4      | Reached skill level 5 in Long Blades
  2875 | D:4      | Reached XP level 6. HP: 52/52 MP: 6/6
  2923 | D:4      | Found a faded altar of an unknown god.
  2923 | D:4      | Found a faded altar of an unknown god.
  2928 | D:4      | Found a stormy altar of Qazlal.
  2933 | D:4      | Found a white marble altar of Elyvilon.
  2935 | D:4      | Found an ornate altar of the Wu Jian Council.
  3247 | D:4      | Your scales start taking on a pale cyan-grey colour.
  3247 | D:4      | Reached XP level 7. HP: 38/60 MP: 7/7
  3347 | D:4      | Noticed Duvessa
  3347 | D:4      | Noticed Dowan
  3352 | D:4      | HP: 2/60 [Duvessa/+2 short sword of electrocution (15)]
  3353 | D:4      | Slain by Duvessa

Skill      XL: |  1  2  3  4  5 |
---------------+----------------+-----
Throwing       | 2 |  2.0
Dodging        | 3 4 |  4.4
Fighting       | 3 4 |  4.7
Long Blades    | 4 5 |  5.8

Action                   |  1- 3 |  4- 6 |  7- 9 || total
-------------------------+-------+-------+-------++-------
Melee: Long sword        |   110 |   191 |     4 ||   305
       Tailslap          |     7 |    21 |       ||    28
 Abil: Breathe Steam     |       |       |     1 ||     1
  Use: Scroll            |       |     3 |       ||     3
 Stab: Sleeping          |     3 |       |       ||     3
  Eat: Chunk             |     4 |    10 |     2 ||    16
Armor: Skin              |    33 |    47 |       ||    80
Dodge: Dodged            |    70 |    96 |       ||   166
Block: Other             |     1 |     1 |       ||     2
